cohdb
Replays
Latest Replays
All Replays
Popular Replays
Top Player Replays
Match Explorer
How It Works
Community
CoH3 Stats
Reddit
Sign in to upload your games and track your stats! →
Sign in with Steam
Match 42652444
Unlisted
Match 42652444
Overview
Messages
Build Orders
End
Royal Engineer Section
Construct Section Command Post
Infantry Section
Infantry Section
Construct Platoon Command Post
Selects Indian Artillery Battlegroup
Selects Towed ML 4.2-inch Heavy Mortar
Towed ML 4.2-inch Heavy Mortar
6-pounder Anti-tank Gun Team
Selects Valour
Construct Company Command Post
Unlock M3 Grant Medium Tanks
Foot Guards Section
Selects Off-map Airburst Barrage
Selects BL5.5 Artillery Emplacement
Oistrakh
Yogtwist
BreadGod
Brother
0
0
Comments
sign in to comment!
No comments posted yet!